 Dungeon Sprint DCSS version 0.30.1-9-gdf580d7c3d (webtiles) character file.

Game seed: 4801779036101035107

553 Heoruswealwe the Spear-Bearer (level 7, -2/71 HPs)
             Began as a Minotaur Fighter on Oct 19, 2023.
             Succumbed to a kobold brigand's curare-tipped dart
             ... in the Dungeon (Sprint IX: "|||||||||||||||||||||||||||||").
             The game lasted 00:01:00 (110 turns).

Heoruswealwe the Spear-Bearer (Minotaur Fighter)     Turns: 110, Time: 00:01:01

Health: -2/71      AC:  8    Str: 22    XL:     7   Next: 8%
Magic:  6/6        EV:  9    Int:  5    God:
Gold:   0          SH:  4    Dex: 10    Spells: 6/6 levels left

rFire   . . .        a - +0 trident
rCold   . . .        d - +0 buckler
rNeg    . . .        c - +0 scale mail
rPois   .            (helmet restricted)
rElec   .            (no cloak)
rCorr   .            (no gloves)
SInv    .            (no boots)
Will    .....        (no amulet) Stlth
                     (no ring)
HPRegen 0.31/turn    (no ring)
MPRegen 0.10/turn

%: no teleportation
@: lethally poisoned (-2 -> -16), slowed, very slow
A: horns 2, retaliatory headbutt
a: no special abilities


You were in the Dungeon.
You visited 1 branch

Inventory:

Hand Weapons
 a - a +0 trident (weapon)
Armour
 c - a +0 scale mail (worn)
 d - a +0 buckler (worn)
Jewellery
 k - a +2 ring of protection
 l - a +2 ring of evasion
Wands
 h - a wand of roots (10)
Scrolls
 j - 2 scrolls of blinking
Potions
 b - a potion of might
 e - 5 potions of curing
 f - 2 potions of heal wounds
 g - a potion of haste
 i - a potion of berserk rage


   Skills:
 + Level 9.8 Fighting
 * Level 13.0 Polearms
 + Level 9.9 Armour
 - Level 3.6 Shields


You had 6 spell levels left.
You didn't know any spells.
Your spell library was empty.

Dungeon Overview and Level Annotations

Branches:
Dungeon (1/1)

Altars:
Cheibriados
Dithmenos
Elyvilon
Fedhas
Gozag
Hepliaklqana
Kikubaaqudgha
Makhleb
Nemelex Xobeh
Okawaru
Qazlal
Ru
Sif Muna
Trog
Uskayaw
Vehumet
Wu Jian
Xom
Yredelemnul
Zin
The Shining One
Jiyva
Lugonu


Innate Abilities, Weirdness & Mutations

You have a pair of horns on your head.
You reflexively headbutt those who attack you in melee.


Message History

You puncture the acid dragon!
You kill the acid dragon!
The acid dragon scales are intact enough to wear.
Your Polearms skill increases to level 12!
You hit the centaur.
The centaur is moderately wounded.
The centaur hits you.
* * * LOW HITPOINT WARNING * * *
The centaur kicks you but does no damage.
You hit the centaur.
The centaur is heavily wounded.
The centaur hits you but does no damage.
The centaur closely misses you. You block the centaur's attack.
The centaur closely misses you.
You puncture the centaur!
The centaur is almost dead.
The centaur hits you but does no damage.
You block the centaur's attack.
You closely miss the centaur. Your headbutt misses the centaur.
The centaur is almost dead.
The centaur hits you.
* * * LOW HITPOINT WARNING * * *
The centaur barely misses you.
You puncture the centaur!
You kill the centaur!
Your Polearms skill increases to level 13!
You have reached level 7!
You closely miss something. You block something's attack.
The kobold brigand throws a curare-tipped dart.
You hit something.
The kobold brigand throws a curare-tipped dart.
The curare-tipped dart hits you.
You are lethally poisoned!
You have difficulty breathing.
* * * LOW HITPOINT WARNING * * *
You feel yourself slow down.
You hit something.
Reactivating autopickup.
You feel a bit more experienced.
You die... ▓▓▓▓▓▓▓▓▓▓▓▓▓▓▓▓▓▓▓▓▓▓▓▓ ....yK)@.[[[.)?!'_______ ▓▓▓▓▓▓▓▓▓▓▓▓▓▓▓▓▓▓▓▓▓▓▓▓

You could see a kobold brigand and a killer bee.

Vanquished Creatures
  A wyvern (D)
  An acid dragon (D)
  An ogre (D)
  A centaur (D)
  2 scorpions (D)
  A hound (D)
  An orc wizard (D)
  An adder (D)
  An endoplasm (D)
  A hobgoblin (D)
  A ball python (D)
  A bat (D)
  A rat (D)
14 creatures vanquished.

Notes
Turn   | Place    | Note
-------+----------+-------------------------------------------
     0 | D        | Heoruswealwe the Minotaur Fighter began the quest for the
                  | Orb.
     0 | D        | Reached XP level 1. HP: 19/19 MP: 0/0
     7 | D        | Reached skill level 3 in Polearms
    19 | D        | Noticed a scorpion
    19 | D        | Noticed a scorpion
    19 | D        | Noticed a hound
    19 | D        | Noticed an ogre
    25 | D        | Reached skill level 4 in Polearms
    25 | D        | Reached XP level 2. HP: 26/28 MP: 1/1
    27 | D        | Killed an ogre
    28 | D        | Reached skill level 7 in Polearms
    28 | D        | Reached XP level 3. HP: 38/38 MP: 2/2
    28 | D        | Reached XP level 4. HP: 45/45 MP: 3/3
    31 | D        | Reached skill level 8 in Polearms
    33 | D        | Killed a scorpion
    34 | D        | Reached skill level 9 in Polearms
    34 | D        | Reached XP level 5. HP: 39/52 MP: 4/4
    39 | D        | Reached skill level 10 in Polearms
    45 | D        | Found a snail-covered altar of Cheibriados.
    45 | D        | Found a shadowy altar of Dithmenos.
    45 | D        | Found a white marble altar of Elyvilon.
    45 | D        | Found a blossoming altar of Fedhas.
    45 | D        | Found an opulent altar of Gozag.
    46 | D        | Found a hazy altar of Hepliaklqana.
    47 | D        | Found a viscous altar of Jiyva.
    48 | D        | Found an ancient bone altar of Kikubaaqudgha.
    49 | D        | Found a corrupted altar of Lugonu.
    50 | D        | Found a burning altar of Makhleb.
    51 | D        | Found a sparkling altar of Nemelex Xobeh.
    52 | D        | Found an iron altar of Okawaru.
    53 | D        | Found a stormy altar of Qazlal.
    54 | D        | Found a sacrificial altar of Ru.
    55 | D        | Found a shimmering blue altar of Sif Muna.
    56 | D        | Found a bloodstained altar of Trog.
    57 | D        | Found a hide-covered altar of Uskayaw.
    58 | D        | Found a radiant altar of Vehumet.
    59 | D        | Found an ornate altar of the Wu Jian Council.
    60 | D        | Found a shimmering altar of Xom.
    61 | D        | Found a basalt altar of Yredelemnul.
    62 | D        | Found a glowing silver altar of Zin.
    63 | D        | Found a glowing golden altar of the Shining One.
    87 | D        | Noticed a centaur
    87 | D        | Noticed an acid dragon
    87 | D        | Noticed a wyvern
    96 | D        | Killed a wyvern
    97 | D        | Reached skill level 11 in Polearms
    97 | D        | Reached XP level 6. HP: 26/63 MP: 5/5
   102 | D        | Killed an acid dragon
   103 | D        | Reached skill level 12 in Polearms
   108 | D        | Reached skill level 13 in Polearms
   108 | D        | Reached XP level 7. HP: 8/71 MP: 6/6
   109 | D        | HP: 2/71 [asphyx]
   110 | D        | Succumbed to a kobold brigand's curare-tipped dart

Illustrated notes

Levels and vault maps discovered:
D:        linesprint [early_d, line_temple, items_1, d_10, items_2, lair_1,
          lair_end, items_3, orc_1, orc_end, items_4, d_15, swamp_1, shoals_1,
          snake_1, spider_1, d_20, vaults_1, items_5, swamp_end, shoals_end,
          snake_end, spider_end, vaults_end, d_27, items_6, zot_1, zot_end,
          crypt_end, forest_end, elf_end, slime_end, tomb_end, abyss_end,
          pan_hell_end]

Skill      XL: |  1  2  3  4  5  6 |
---------------+-------------------+-----
Polearms       | 4 7 9 11 13 | 13.0
Fighting       | 4 6 7 9 |  9.8
Armour         | 4 6 7 9 |  9.9
Shields        | |  3.6

Action                     |  1- 3 |  4- 6 |  7- 9 || total
---------------------------+-------+-------+-------++-------
  Melee: Trident           |    15 |    31 |     3 ||    49
         Headbutt          |     7 |     6 |       ||    13
    Use: Potion            |     1 |       |       ||     1
 Armour: Scale mail        |     4 |    10 |       ||    14
  Dodge: Dodged            |     6 |    12 |       ||    18
  Block: Buckler           |     5 |     3 |     1 ||     9
